 Dungeon Crawl Stone Soup version 0.18.1-48-g4cf74bf (webtiles) character file.

601 Joat the Insei (level 7, 3/56 HPs)
             Began as a Demonspawn Monk on Sept 2, 2016.
             Quit the game on level 4 of the Dungeon.
             The game lasted 00:17:57 (5645 turns).

Joat the Insei (Demonspawn Monk)                    Turns: 5645, Time: 00:17:58

Health: 3/56       AC:  8    Str: 12    XL:     7   Next: 18%
Magic:  7/7        EV: 11    Int: 11    God:
Gold:   186        SH:  0    Dex: 17    Spells: 0 memorised, 6 levels left

rFire  . . .     SeeInvis .       - Unarmed
rCold  + . .     Gourm    .     q - +1 scale mail {MR+}
rNeg   . . .     Faith    .     (no shield)
rPois  .         Spirit   .     c - +0 helmet
rElec  .         Dismiss  +     (no cloak)
rCorr  .         Reflect  .     (no gloves)
SustAt .         Harm     .     (no boots)
MR     +....                    j - amulet of dismissal
Stlth  ..........               (no ring)
                                (no ring)

@: lethally poisoned (3 -> -63), somewhat resistant to hostile enchantments,
extremely unstealthy
A: hooves 2, cold resistance 1, demonic guardian 1, freezing cloud immunity
a: no special abilities


You were on level 4 of the Dungeon.
You were hungry.

You visited 1 branch of the dungeon, and saw 5 of its levels.
You also visited: Sewer.

You collected 186 gold pieces.

Inventory:

Armour
 a - a +1 robe
 c - a +0 helmet (worn)
 i - a +0 pair of boots
 q - a +1 scale mail of magic resistance (worn)
Jewellery
 j - an amulet of dismissal (around neck)
Wands
 k - a wand of lightning (4/15)
 n - a wand of teleportation (3/9)
 p - a wand of disintegration (10/24)
Scrolls
 o - 2 scrolls of remove curse
 r - 2 scrolls of random uselessness {unknown}
Potions
 d - a potion of flight
 e - a potion of agility
 h - a potion of might
Comestibles
 b - 2 bread rations
 g - 3 meat rations
 l - a royal jelly


   Skills:
 + Level 5.1 Fighting
   Level 0.1 Polearms
 + Level 1.8 Armour
 - Level 4.5 Dodging
 - Level 1.7 Stealth
 + Level 5.5 Unarmed Combat


You had 6 spell levels left.
You didn't know any spells.

Dungeon Overview and Level Annotations

Branches:
Dungeon (5/15)
 Temple: D:4-7

Altars:
Gozag
Pakellas


Innate Abilities, Weirdness & Mutations

You have hoof-like feet.
Your flesh is cold resistant.
A weak demonic guardian rushes to your aid.
You are immune to freezing clouds.


Message History

The orc is moderately wounded.
* * * LOW HITPOINT WARNING * * *
You feel very sick. Something hits you but does no damage.
You are more poisoned.
The orc barely misses you.
You completely miss something.
* * * LOW HITPOINT WARNING * * *
You feel very sick.
You hear some strange, mumbled words.
Something tries to affect you, but you resist.
You closely miss something.
You feel less invigorated.
You feel less confused.
* * * LOW HITPOINT WARNING * * *
You feel very sick. The orc hits you but does no damage.
Something hits you but does no damage.
You are more poisoned.
Drink which item? (? for menu, Esc to quit)
Okay, then.
Are you sure you want to abandon this character and quit the game? (Confirm with "yes".)

#....##.# #........# #...###.#
#.#####.## #..[# #.# #.#
#.########## #.>[###.# #.#
#.....[..... #.....[.#
#.#####.#.########
###..###[###..............###
##....# #..<..........##.#.##.
#>###.###..##{#####...##.#.##.
#.# #........@.........#.#.#.#
#.###.......o............#....
##...########..###...#.#.###.#
##..# #..# ##..#.#.# #.# #..#
#..####..#.#.# #.# #..##
#............# #.#
#...########.####..#.#.###.#
#............>.....#........
#...########.#########.#####


You could see an orc.

Vanquished Creatures
  A big kobold (Sewer)
  3 wights (D:4)
  An orc wizard (D:3)
  2 orc priests (D:4)
  A hound skeleton (D:4)
  Robin (D:3)
  4 gnolls (D:2)
  6 adders
  2 river rats (Sewer)
  An ooze (D:3)
  2 dart slugs
  7 giant geckos
  11 orcs
  3 giant cockroaches
  16 goblins
  3 hobgoblins
  2 jackals (Sewer)
  A ball python (D:2)
  3 bats
  7 giant newts
  12 kobolds
  6 rats
95 creatures vanquished.

Vanquished Creatures (collateral kills)
  2 killer bees (D:4)
  A wight (D:4)
  An orc wizard (D:4)
  A worker ant (D:5)
  An adder (D:4)
  2 orcs (D:4)
  2 giant cockroaches
  A quokka (D:5)
  2 kobolds (Sewer)
13 creatures vanquished.

Grand Total: 108 creatures vanquished

Notes
Turn   | Place    | Note
--------------------------------------------------------------
     0 | D:1      | Joat the Demonspawn Monk began the quest for the Orb.
     0 | D:1      | Reached XP level 1. HP: 18/18 MP: 1/1
   805 | D:1      | Gained mutation: A weak demonic guardian rushes to your aid. [demonic ancestry]
   805 | D:1      | Reached XP level 2. HP: 16/24 MP: 2/2
  1497 | D:2      | Gained mutation: Your flesh is cold resistant. [demonic ancestry]
  1497 | D:2      | Reached XP level 3. HP: 29/29 MP: 3/3
  1664 | D:2      | You fall through a shaft for 2 floors!
  1702 | D:4      | Found a glowing drain.
  1790 | D:4      | Gained mutation: You have large cloven feet. [demonic ancestry]
  1790 | D:4      | Reached XP level 4. HP: 34/35 MP: 4/4
  2027 | Sewer    | Entered a sewer
  2051 | Sewer    | Gained mutation: You are immune to freezing clouds. [demonic ancestry]
  2051 | Sewer    | Reached XP level 5. HP: 22/42 MP: 5/5
  2456 | Sewer    | Found a glowing silver altar of Zin.
  2781 | D:3      | Reached XP level 6. HP: 16/48 MP: 6/6
  2988 | D:2      | Noticed Robin
  3025 | D:3      | Killed Robin
  3513 | D:2      | Reached skill level 5 in Unarmed Combat
  3837 | D:2      | Found an oddly glowing altar of Pakellas.
  4268 | D:3      | Found an opulent altar of Gozag.
  4762 | D:4      | Reached skill level 1 in Armour
  4934 | D:4      | Gained mutation: You have hoof-like feet. [demonic ancestry]
  4934 | D:4      | Reached XP level 7. HP: 50/55 MP: 7/7
  5308 | D:5      | Entered Level 5 of the Dungeon
  5321 | D:4      | HP: 2/55 [killer bee (5)]
  5326 | D:4      | Reached skill level 5 in Fighting
  5329 | D:4      | HP: 1/56 [killer bee (2)]
  5643 | D:4      | HP: 2/56 [poisoned by an orc wizard]
  5645 | D:4      | Quit the game

Skill      XL: |  1  2  3  4  5  6  7 |
---------------+----------------------+-----
Dodging        | 3 4 |  4.5
Unarmed Combat | 4 5 |  5.5
Fighting       | 4 5 |  5.1
Armour         | 1 |  1.8
Polearms       | |  0.1
Stealth        | |  1.7

Action                   |  1- 3 |  4- 6 |  7- 9 || total
-------------------------+-------+-------+-------++-------
Melee: Spear             |   107 |       |       ||   107
       Punch             |     3 |     1 |     1 ||     5
       Unarmed           |     4 |   348 |    52 ||   404
       Kick              |       |    42 |    20 ||    62
  Use: Scroll            |     6 |       |       ||     6
       Potion            |     2 |     1 |     5 ||     8
 Stab: Sleeping          |     3 |     2 |       ||     5
       Distracted        |       |       |     2 ||     2
  Eat: Chunk             |     3 |    10 |     2 ||    15
Armor: Robe              |    22 |    52 |       ||    74
       Scale mail        |       |    16 |    31 ||    47
Dodge: Dodged            |    90 |   244 |    47 ||   381
